Map: Invader LE

Players

LiquidTLO (TLO) - Winner!

  • Race: Zerg Zerg
  • League: Grandmaster

Kas

  • Race: Terran Terran
  • League: Grandmaster

VOD

Have the link to the VOD?

Description

Time

  • Played on: July 4, 2016, 3:22 p.m.
  • Length: 13:45
Show
View Real Time Build Order
Export as new Build Order

LiquidTLO Zerg - Winner!

Build Orders: Hatch First 

Get SALT Encoding   

  12  0:01  Drone  
  13  0:13  Overlord  
  13  0:17  Drone  
  14  0:32  Drone x2  
  16  0:37  Drone  
  17  0:52  Hatchery  
  17  0:55  Drone  
  17  1:00  Drone  
  17  1:03  Extractor  
  17  1:14  Spawning Pool  
  17  1:16  Drone  
  17  1:19  Drone  
  18  1:31  Drone  
  19  1:41  Overlord  
  19  1:56  Drone  
  19  2:00  Queen  
  22  2:03  Queen, Drone  
  22  2:05  Drone  
  26  2:12  Drone  
  27  2:16  Drone  
  28  2:23  Drone  
  29  2:30  Hatchery  
  29  2:36  Queen  
  30  2:41  Overlord  
  30  2:44  Drone  
  30  2:48  Metabolic Boost  
  31  2:52  Drone  
  31  2:53  Drone  
  31  2:58  Drone  
  34  3:01  Queen  
  34  3:04  Drone  
  37  3:11  Overlord  
  37  3:13  Drone  
  37  3:15  Drone x2  
  37  3:16  Drone  
  42  3:20  Drone  
  42  3:21  Drone  
  43  3:29  Baneling Nest, Zergling x2  
  43  3:30  Zergling x2  
  43  3:32  Drone  
  45  3:35  Drone  
  45  3:37  Drone  
  45  3:40  Spore Crawler  
  46  3:42  Drone  
  46  3:44  Drone  
  46  3:45  Drone  
  49  3:52  Queen  
  49  3:54  Drone  
  52  3:56  Extractor  
  52  3:57  Zergling x2  
  52  3:58  Drone  
  52  4:00  Drone x3  
  56  4:06  Overlord, Drone  
  56  4:07  Drone  
  58  4:13  Overlord x2  
  58  4:18  Overlord  
  58  4:21  Overlord, Spore Crawler  
  57  4:26  Zergling x4  
  57  4:27  Zergling x4  
  60  4:34  Zergling x4  
  60  4:37  Baneling, Spore Crawler  
  60  4:38  Baneling x4  
  61  4:40  Zergling x4  
  63  4:46  Drone x3  
  63  4:50  Drone  
  67  4:53  Drone  
  67  4:57  Zergling x2  
  67  4:58  Zergling x4  
  67  4:59  Drone  
  64  5:02  Drone  
  64  5:03  Drone  
  64  5:04  Drone x2  
  64  5:05  Drone x2  
  69  5:07  Drone  
  69  5:09  Drone  
  68  5:16  Drone  
  68  5:19  Drone  
  70  5:21  Lair  
  70  5:23  Zergling x2  
  70  5:24  Zergling x2, Evolution Chamber  
  70  5:25  Evolution Chamber  
  69  5:29  Zergling x2  
  69  5:31  Extractor  
  69  5:32  Zergling x2  
  69  5:34  Zergling x2  
  71  5:37  Extractor  
  71  5:39  Zergling x2  
  71  5:40  Hatchery  
  71  5:42  Zergling x2  
  71  5:44  Zergling x2  
  71  5:45  Drone  
  71  5:46  Drone  
  71  5:48  Drone  
  75  5:50  Zerg Ground Armor Level 1  
  75  5:51  Overlord  
  75  5:53  Pneumatized Carapace  
  75  5:54  Extractor  
  75  5:55  Extractor  
  75  5:57  Drone  
  74  6:02  Drone  
  74  6:03  Drone x2  
  77  6:04  Zergling x2  
  77  6:05  Drone  
  77  6:07  Zerg Melee Weapons Level 1  
  77  6:08  Drone  
  80  6:17  Overlord  
  80  6:19  Drone  
  80  6:23  Spire  
  80  6:26  Overlord  
  80  6:27  Drone  
  80  6:28  Overlord  
  80  6:29  Overlord  
  81  6:33  Centrifical Hooks, Baneling x6  
  81  6:35  Zergling x4  
  81  6:36  Queen  
  81  6:37  Drone  
  81  6:39  Drone  
  87  6:40  Zergling x2  
  87  6:41  Zergling x2  
  87  6:42  Zergling x2  
  87  6:43  Zergling x4  
  87  6:46  Zergling x4  
  92  6:49  Drone  
  92  6:50  Drone  
  92  6:52  Drone  
  93  6:56  Spore Crawler  
  93  7:00  Drone x2  
  94  7:03  Baneling x3  
  94  7:04  Baneling  
  94  7:05  Spore Crawler  
  94  7:06  Zergling x2  
  94  7:10  Zergling x4  
  94  7:15  Infestation Pit  
  95  7:17  Drone x4  
  95  7:19  Drone  
  100  7:23  Spore Crawler  
  100  7:24  Zergling x6  
  100  7:25  Zergling x2  
  100  7:26  Zergling x4  
  104  7:30  Zergling x2  
  104  7:32  Zergling x2  
  104  7:33  Zergling x2  
  104  7:34  Zergling x2  
  104  7:35  Zergling x4  
  104  7:36  Zergling x4  
  109  7:39  Zerg Flyer Armor Level 1  
  105  7:48  Zergling x2  
  103  7:54  Zergling x2  
  103  7:55  Zergling x2  
  102  7:58  Hive  
  102  7:59  Drone x7  
  102  8:03  Zergling x4  
  112  8:05  Zergling x4  
  112  8:06  Overlord  
  112  8:07  Zerg Ground Armor Level 2  
  110  8:14  Zergling x2, Queen  
  110  8:16  Zergling x2  
  110  8:17  Overlord  
  114  8:21  Drone  
  114  8:24  Spine Crawler  
  114  8:25  Drone, Spine Crawler  
  114  8:30  Zergling x2  
  114  8:31  Zergling x2  
  114  8:33  Baneling  
  116  8:37  Pathogen Glands  
  116  8:38  Zerg Melee Weapons Level 2  
  116  8:40  Drone  
  117  8:42  Baneling, Drone  
  117  8:43  Corruptor x2, Baneling x4  
  117  8:44  Corruptor  
  117  8:48  Corruptor  
  124  8:53  Overlord  
  124  8:55  Zergling x4  
  125  8:56  Zergling x2  
  125  8:57  Zergling x2  
  125  8:59  Zergling x2  
  123  9:04  Zergling x4  
  123  9:05  Zergling x2  
  123  9:06  Zergling x4  
  123  9:08  Zergling x2  
  126  9:10  Zergling x4  
  126  9:12  Zergling x6  
  126  9:15  Zergling x2  
  122  9:17  Zergling x2  
  122  9:21  Adrenal Glands  
  122  9:23  Zergling x4  
  122  9:24  Ultralisk Cavern  
  122  9:26  Spore Crawler  
  122  9:27  Drone x2  
  122  9:32  Zergling x2  
  122  9:34  Zergling x2  
  124  9:42  Zergling x4  
  124  9:43  Zergling x2  
  124  9:44  Zergling x2  
  125  9:45  Zergling x2  
  125  9:47  Zergling x2, Spine Crawler  
  125  9:48  Spine Crawler  
  119  10:02  Hatchery  
  114  10:08  Drone  
  114  10:09  Zergling x14, Drone  
  114  10:10  Zergling x12  
  114  10:13  Chitinous Plating  
  127  10:16  Ultralisk  
  127  10:18  Ultralisk  
  127  10:20  Ultralisk  
  146  10:21  Zergling x2  
  146  10:29  Overlord  
  146  10:33  Zerg Ground Armor Level 3  
  145  10:37  Overlord  
  145  10:40  Overlord, Extractor  
  145  10:41  Extractor  
  143  10:50  Zergling x4  
  143  10:52  Zergling x6  
  143  10:53  Zergling x2  
  143  10:55  Zergling x4  
  151  10:57  Ultralisk  
  151  10:59  Ultralisk  
  151  11:03  Overlord  
  163  11:05  Overlord x2  
  163  11:16  Baneling x4  
  161  11:19  Overlord  
  161  11:22  Ultralisk  
  161  11:25  Drone  
  164  11:31  Zergling x4  
  166  11:34  Zergling x2, Ultralisk  
  166  11:35  Zergling x4  
  173  11:40  Zergling x4  
  173  11:41  Zergling x2  
  173  11:45  Zergling x2  
  177  11:53  Zergling x2  
  177  11:54  Zergling x4  
  178  11:56  Zergling x4  
  178  11:57  Zergling x2  
  178  11:59  Ultralisk  
  178  12:01  Zergling x4  
  171  12:03  Zergling x8  
  171  12:04  Zergling x2  
  171  12:05  Zergling x2, Infestor  
  171  12:07  Zergling x2  
  164  12:09  Zergling x2  
  164  12:15  Burrow, Zergling x2  
  158  12:17  Zergling x2  
  158  12:22  Zergling x2  
  159  12:26  Ultralisk  
  162  12:30  Zergling x2  
  162  12:32  Zergling x2  
  162  12:33  Zergling x4  
  162  12:34  Zergling x2  
  154  12:38  Zergling x2  
  154  12:39  Zergling x2  
  154  12:40  Queen x2  
  158  12:45  Corruptor  
  158  12:48  Corruptor x2  
  162  12:52  Overseer  
  162  12:54  Drone x2  
  162  12:58  Zergling x2  
  165  12:59  Zergling x2  
  165  13:00  Zergling x2  
  165  13:05  Ultralisk  
  173  13:13  Hatchery  
  173  13:14  Zergling x2  
  173  13:15  Zergling x2  
  172  13:25  Zergling x8  
  172  13:26  Zergling x2  
  172  13:27  Zergling x4  
Show
View Real Time Build Order
Export as new Build Order

Kas Terran 

Build Orders: Hellion Opening, MMM Bio 

Get SALT Encoding   

  12  0:01  SCV  
  13  0:13  SCV  
  14  0:17  Supply Depot  
  14  0:25  SCV  
  15  0:38  SCV  
  15  0:40  Barracks  
  16  0:45  Refinery  
  16  0:50  SCV  
  17  1:03  SCV  
  18  1:15  SCV  
  19  1:28  Barracks Reactor, Orbital Command  
  19  1:40  Command Center  
  19  1:48  Supply Depot  
  19  1:54  SCV  
  20  2:04  Marine x2  
  20  2:06  SCV  
  23  2:11  Factory  
  23  2:17  Refinery  
  23  2:18  SCV  
  23  2:22  Marine x2  
  26  2:30  SCV  
  27  2:40  Marine x2  
  27  2:42  SCV  
  30  2:53  Orbital Command  
  30  2:58  SCV  
  31  3:02  Starport  
  31  3:06  Marine  
  31  3:07  Hellion x2  
  31  3:10  SCV  
  37  3:14  Supply Depot  
  37  3:20  SCV  
  37  3:22  SCV  
  39  3:29  Hellion x2  
  43  3:38  Armory  
  43  3:40  Supply Depot  
  43  3:43  Medivac  
  43  3:45  Marine  
  43  3:48  SCV  
  47  3:49  SCV  
  48  3:57  Hellion x2  
  48  4:00  SCV  
  48  4:01  SCV  
  54  4:04  Supply Depot  
  54  4:05  Liberator  
  54  4:07  Barracks Tech Lab  
  54  4:15  SCV  
  55  4:20  Hellion  
  55  4:21  Hellion  
  62  4:25  Marine, Stimpack  
  63  4:33  SCV x2  
  63  4:36  Supply Depot  
  65  4:54  Marine  
  65  4:55  Hellion x2  
  59  5:02  SCV  
  59  5:03  SCV  
  55  5:08  Command Center  
  55  5:10  Supply Depot  
  55  5:11  Marine  
  55  5:13  Barracks  
  53  5:14  SCV  
  53  5:15  Barracks, SCV  
  53  5:25  Engineering Bay  
  53  5:26  Engineering Bay  
  53  5:27  Hellion x4  
  53  5:29  SCV, Factory Reactor  
  53  5:32  SCV  
  53  5:33  Starport Reactor  
  53  5:34  Marine  
  56  5:40  Refinery  
  56  5:41  SCV  
  57  5:44  SCV  
  57  5:46  Barracks  
  57  5:47  Barracks  
  58  5:52  Marine  
  58  5:53  SCV  
  58  5:55  Medivac x2  
  58  5:56  SCV  
  65  6:00  Terran Infantry Weapons Level 1  
  65  6:01  Terran Infantry Armor Level 1  
  65  6:05  SCV  
  65  6:08  SCV  
  65  6:10  Barracks Reactor, Supply Depot  
  68  6:17  SCV  
  68  6:19  Supply Depot  
  68  6:20  Supply Depot, Marine  
  68  6:23  Orbital Command  
  68  6:25  Marine, SCV  
  70  6:28  Marine  
  70  6:29  Combat Shields  
  72  6:38  Marine x2  
  72  6:39  Marine  
  75  6:41  Medivac  
  75  6:42  Medivac  
  75  6:43  Marine  
  80  6:51  Marine x3  
  75  6:56  Marine  
  75  6:58  SCV x2, Missile Turret  
  75  6:59  Marine  
  75  7:01  Marine x2  
  79  7:02  Widow Mine  
  79  7:05  Orbital Command  
  83  7:09  Marine x3  
  83  7:11  SCV x2  
  83  7:14  Marine  
  89  7:17  Barracks  
  89  7:18  Barracks x2  
  89  7:20  Barracks Reactor x2  
  82  7:36  Marine x2  
  78  7:39  Marine  
  78  7:40  Marine x2  
  77  7:49  SCV  
  76  7:53  Marine  
  76  7:54  Marine  
  76  7:57  Marine  
  76  7:58  Marine x5  
  77  7:59  Medivac x2  
  77  8:01  Marine, SCV  
  77  8:02  SCV x2  
  87  8:11  Marine x2  
  88  8:13  SCV  
  88  8:14  Marine, SCV  
  88  8:15  Marine  
  88  8:16  Marine x4  
  88  8:18  Marine x3  
  88  8:19  Widow Mine  
  99  8:21  SCV  
  99  8:25  SCV  
  103  8:27  Marine  
  103  8:29  Bunker, Marine x2  
  106  8:34  Marine x3  
  106  8:35  Marine x2  
  106  8:38  Supply Depot x2  
  106  8:41  Marine x2  
  113  8:42  Barracks Tech Lab  
  113  8:43  Barracks Tech Lab  
  113  8:46  Marauder  
  115  8:50  Supply Depot  
  115  8:53  Terran Infantry Weapons Level 2  
  115  8:54  Terran Infantry Armor Level 2  
  102  9:06  Marine x4, Marauder x2  
  102  9:07  Marine x2, Marauder  
  113  9:11  Marine x2  
  113  9:12  Marine  
  109  9:22  Medivac  
  109  9:23  Medivac, Widow Mine  
  107  9:24  Marine x4  
  107  9:28  Marauder x2  
  107  9:29  Marauder  
  117  9:31  Marine  
  117  9:32  Marine  
  119  9:48  Marine, Barracks Tech Lab  
  119  9:49  Marine x3, Marauder x2  
  119  9:50  Marauder  
  119  10:02  Marine x2  
  119  10:11  Marauder x2  
  123  10:15  Marine x3, Marauder x2  
  123  10:16  Marine, Medivac x2, Widow Mine  
  123  10:17  Marine  
  123  10:18  Marine  
  123  10:19  Marine  
  140  10:28  Supply Depot x2  
  140  10:29  Supply Depot  
  140  10:32  Marauder x2  
  140  10:33  Command Center  
  143  10:37  Marauder  
  140  10:43  Marine x4, Marauder  
  140  10:44  Marine x3  
  140  10:49  Supply Depot, Marine  
  149  10:50  Supply Depot x2, Medivac x2  
  149  10:53  Refinery, Marauder x2  
  158  10:58  Marauder  
  158  11:01  Marine  
  157  11:08  Marine x4, Marauder  
  163  11:15  Marauder x2  
  167  11:22  Marauder  
  169  11:26  Medivac  
  169  11:27  Marine, Medivac  
  169  11:29  Marauder  
  176  11:33  Starport  
  176  11:36  Marauder x2  
  174  11:51  Liberator  
  174  11:52  Refinery  
  174  11:53  Refinery  
  144  12:28  Command Center, Marauder x2  
  150  12:30  Marauder  
  150  12:32  Marine x4, Marauder  
  150  12:33  Marine, Widow Mine  
  150  12:34  Medivac  
  152  12:39  Liberator  
  152  12:40  Planetary Fortress  
  141  12:49  SCV x3  
  141  12:50  Marauder x2  
  141  12:51  Medivac, Marauder  
  148  12:57  Marine x3  
  148  12:58  Marine  
  159  13:01  SCV, Widow Mine  
Tags
 
Add a new tag
Caveats
  • Supply blocks, unpowered buildings, or Contaminate may cause inaccurate times.
  • Supply counts are checked every 10 seconds.